 Dungeon Crawl Stone Soup version 0.14-a0-1773-ge500af7 (webtiles) character file.

525 HollowCharge the Cutter (level 7, 0/44 HPs)
             Began as a Kobold Warper on Jan 7, 2014.
             Slain by a worker ant (3 damage)
             ... on Level 5 of the Dungeon.
             The game lasted 00:22:52 (4323 turns).

HollowCharge the Cutter (Kobold Warper)             Turns: 4323, Time: 00:22:52

HP   0/44        AC  4     Str 10      XL: 7   Next: 23%
MP  12/12        EV 18     Int 11      God:
Gold 81          SH  0     Dex 17      Spells:  4 memorised,  3 levels left

rFire  . . .     SeeInvis .     k - +1 orc dagger
rCold  . . .     Clarity  .     b - +0 leather armour
rNeg   . . .     Conserve .     (no shield)
rPois  +         rCorr    .     h - +0 helmet
rElec  .         rRot     .     (no cloak)
SustAb . .       Spirit   .     (no gloves)
rMut   .         Warding  .     (no boots)
Saprov + + .     Stasis   .     (no amulet)
                                l - +3 ring of evasion
                                m - ring of poison resistance

@: slightly resistant to hostile enchantments, stealthy
A: disease resistance, carnivore 3, saprovore 2
a: no special abilities


You were on level 5 of the Dungeon.
You were full.

You visited 1 branch of the dungeon, and saw 5 of its levels.

You collected 81 gold pieces.

Inventory:

Hand weapons
 a - a +2,+2 elven short sword
 j - a +1,+0 elven dagger
 k - a +1,+1 orcish dagger (weapon)
 o - a +1,+0 short sword
Missiles
 e - 15 darts (quivered)
 f - 10 darts of dispersal
Armour
 b - a +0 leather armour (worn)
 h - a +0 helmet (worn)
 p - a +0 orcish robe
Scrolls
 d - 2 scrolls of blinking
 g - a scroll of enchant weapon I
 i - a scroll of amnesia {unknown}
 t - a scroll of noise {unknown}
Jewellery
 l - a +3 ring of evasion (right hand)
 m - a ring of poison resistance (left hand)
Potions
 n - 2 potions of curing
 u - a potion of restore abilities
 v - a potion of cure mutation
Books
 c - a book of Spatial Translocations

   Spells                             Type                      Level
   *Apportation                       Translocation                1
   *Portal Projectile                 Translocation                2
   *Blink                             Translocation                2
   *Shroud of Golubria                Charms/Translocation         2
   Teleport Other                     Translocation                3
   Passage of Golubria                Translocation                4


   Skills:
 * Level 4.6 Fighting
 * Level 5.0 Short Blades
 - Level 1.3 Throwing
 + Level 2.0 Armour
 * Level 4.8 Dodging
 + Level 2.8 Stealth
 - Level 2.0 Spellcasting
 - Level 3.0 Translocations


You had 3 spell levels left.
You knew the following spells:

 Your Spells              Type           Power        Failure   Level  Hunger
a - Apportation           Tloc           #.........   10%         1    ##.....
b - Blink                 Tloc           N/A          14%         2    ###....
c - Shroud of Golubria    Chrm/Tloc      #.........   24%         2    ###....
d - Portal Projectile     Tloc           #.....       14%         2    ###....


Dungeon Overview and Level Annotations

Branches:
Dungeon (5/16)
 Temple: D:4-7

Altars:
Fedhas

Annotations:
D:4 wojtek's ghost, experienced TeGl


Innate Abilities, Weirdness & Mutations

You recuperate from illness quickly.
You are small and have problems with some larger weapons.
You are carnivorous and can eat meat at any time.
You can eat rotten meat.


Message History

The worker ant closely misses you. The hound misses you.
The hound closely misses you.
You open the door. The hound closely misses you. The worker ant bites you.
* * * LOW HITPOINT WARNING * * *
The hound pauses to sniff the ground.
The hound misses you.
There is an open door here.
The worker ant misses you.
There is an escape hatch in the floor here.
The worker ant bites you.
* * * LOW HITPOINT WARNING * * *
You slide downwards.
The hatch slams shut behind you.
A bat, an orc and 2 orc wizards come into view.
Found four items.
Found an escape hatch in the ceiling.
The orc wizard shouts!
The orc wizard gestures at you while chanting.
The magic dart hits you!
* * * LOW HITPOINT WARNING * * *
The worker ant bites you.
You die...

#####. #%...b.
#..oo... #..o...(.
#........
###........
#@a!.......#
.........#..%.....#
..#######.........
#........#
####.#### ..< #..#
#.


You could see a worker ant, 2 orc wizards and a bat.

Vanquished Creatures
  Grinder (D:3)
  An orc priest (D:3)
  2 orc wizards
  4 adders
  3 worms
  A giant gecko (D:2)
  An ooze (D:2)
  5 orcs
  9 bats
  3 giant cockroaches
  11 hobgoblins
  2 jackals (D:3)
  2 quokkas (D:2)
  A ball python (D:3)
  4 giant newts
  5 goblins
  12 kobolds
  14 rats
81 creatures vanquished.

Notes
Turn   | Place    | Note
--------------------------------------------------------------
     0 | D:1      | HollowCharge, the Kobold Warper, began the quest for the Orb.
     0 | D:1      | Reached XP level 1. HP: 12/12 MP: 3/3
   182 | D:1      | Reached skill level 1 in Armour
   182 | D:1      | Reached XP level 2. HP: 14/17 MP: 4/4
   186 | D:1      | Learned a level 2 spell: Blink
   886 | D:1      | Reached XP level 3. HP: 22/22 MP: 6/6
  1053 | D:2      | Reached skill level 1 in Stealth
  1679 | D:2      | Reached XP level 4. HP: 21/28 MP: 7/7
  2216 | D:2      | Learned a level 2 spell: Shroud of Golubria
  2386 | D:3      | Noticed Grinder
  2681 | D:3      | Reached XP level 5. HP: 26/32 MP: 9/9
  2937 | D:2      | Reached skill level 4 in Short Blades
  3653 | D:3      | Paralysed by Grinder for 2 turns
  3673 | D:3      | Paralysed by Grinder for 3 turns
  3676 | D:3      | Killed Grinder
  3676 | D:3      | Reached XP level 6. HP: 11/39 MP: 10/10
  3676 | D:3      | Reached XP level 7. HP: 12/44 MP: 12/12
  3958 | D:3      | Learned a level 2 spell: Portal Projectile
  4056 | D:4      | Reached skill level 5 in Short Blades
  4181 | D:4      | Found a blossoming altar of Fedhas.
  4282 | D:4      | Noticed wojtek's ghost (experienced TeGl)
  4320 | D:5      | Entered Level 5 of the Dungeon
  4323 | D:5      | Slain by a worker ant

Action                   |  1- 3 |  4- 6 |  7- 9 || total
-------------------------+-------+-------+-------++-------
Melee: Short sword       |   122 |   177 |    39 ||   338
       Dagger            |    22 |       |     1 ||    23
 Cast: Blink             |       |     1 |     2 ||     3
  Use: Scroll            |     4 |     7 |       ||    11
       Potion            |       |     2 |     1 ||     3
 Stab: Sleeping          |       |     1 |       ||     1
       Distracted        |       |     1 |       ||     1
